 Dungeon Crawl Stone Soup version 0.25-a0-591-g2ad0d86 (webtiles) character file.

Game seed: 3498950481355249165, levelgen mode: deterministic

41 MrTaco21 the Cudgeler (level 3, 0/23 HPs)
             Began as a Gargoyle Fighter on Mar 14, 2020.
             Slain by an ogre
             ... wielding a +0 giant spiked club
              (23 damage)
             ... on level 2 of the Dungeon.
             The game lasted 00:01:25 (1115 turns).

MrTaco21 the Cudgeler (Gargoyle Fighter)            Turns: 1115, Time: 00:01:26

Health: 0/23       AC: 10    Str: 20    XL:     3   Next: 52%
Magic:  3/3        EV:  7    Int:  8    God:
Gold:   97         SH:  9    Dex:  9    Spells: 2/2 levels left

rFire    . . .     SeeInvis .   n - +1 whip (venom)
rCold    . . .     Gourm    .   c - +0 kite shield
rNeg     + . .     Faith    .   b - +0 scale mail
rPois    ∞         Spirit   .   (no helmet)
rElec    +         Reflect  .   (no cloak)
rCorr    .         Harm     .   (no gloves)
MR       .....                  (no boots)
Stlth    ..........             (no amulet)
HPRegen  0.07/turn              (no ring)
MPRegen  0.08/turn              (no ring)

@: no status effects
A: negative energy resistance 1, electricity resistance, unbreathing,
petrification resistance, rot immunity, AC +3
a: no special abilities


You were on level 2 of the Dungeon.
You were not hungry.

You visited 1 branch of the dungeon, and saw 2 of its levels.

You collected 97 gold pieces.

Inventory:

Hand Weapons
 n - a +1 whip of venom (weapon)
   (You took it off a kobold on level 2 of the Dungeon)
Armour
 b - a +0 scale mail (worn)
 c - a +0 kite shield (worn)
Scrolls
 a - a scroll of enchant armour {unknown}
 f - a scroll of remove curse {unknown}
 h - 2 scrolls of identify {unknown}
 j - 2 scrolls of immolation {unknown}
 k - a scroll of noise {unknown}
Potions
 d - a potion of might
 i - a potion of curing {unknown}
 l - a potion of lignification {unknown}
 m - a potion of heal wounds {unknown}
Comestibles
 e - 3 rations {!d}
 g - 7 chunks of flesh


   Skills:
 - Level 3.2 Fighting
 + Level 3.8 Maces & Flails
 - Level 3.2 Armour
 - Level 3.2 Shields


You had 2 spell levels left.
You didn't know any spells.
Your spell library was empty.

Dungeon Overview and Level Annotations

Branches:
Dungeon (2/15)

Altars:
Wu Jian
Xom
The Shining One


Innate Abilities, Weirdness & Mutations

You are resistant to torment.
Your stone body is resilient. (AC +3)
You are immune to poison.
You resist negative energy. (rN+)
You are resistant to electric shocks. (rElec)
You can survive without breathing.
You are immune to petrification.
You are immune to rotting.


Message History

a +0 club; a hobgoblin skeleton
Things that are here:
a +0 club; a hobgoblin skeleton
e - 3 rations {!d} (gained 1)
Things that are here:
a +0 club; a hobgoblin skeleton
Found a falchion.
You see here a falchion.
Eating one of 11 chunks of flesh.
You eat one of the 11 chunks of flesh.
Found a leather armour.
There is a stone staircase leading down here.
You open the door.
There is an open door here.
Some of the chunks of flesh in your inventory have rotted away.
Found a stone staircase leading up.
Some of the chunks of flesh in your inventory have rotted away.
There is an open door here.
A giant cockroach comes into view.
A giant cockroach is nearby!
A giant cockroach is nearby!
The giant cockroach bites you but does no damage.
Found a scroll labeled MUMNIRROLLEY.
You closely miss the giant cockroach.
The giant cockroach bites you but does no damage.
You hit the giant cockroach.
You kill the giant cockroach!
No target in view!
No target in view!
No target in view!
No target in view!
No target in view!
No target in view!
No target in view!
No target in view!
Found a rapier.
Found a plate armour.
Found 13 gold pieces.
a - a scroll labeled MUMNIRROLLEY You now have 97 gold pieces (gained 13).
As you open the door, it creaks loudly!
You hear a shout!
There is an open door here.
Found 6 gold pieces.
An ogre comes into view. It is wielding a +0 giant spiked club.
Found a stone staircase leading down.
An ogre is nearby!
An ogre is nearby!
The ogre shouts!
The ogre hits you with a +0 giant spiked club!!
Ouch! That really hurt!
You die...

# #......##........# #
#......++........# #
#......##........# #
#................## #
#.................# #
##................# #
#.######....)....#
#####.########+#O###.#
.............. #@###.#
#####.########.#...#.#
.... >...$...#.#.#
##########...#.#.#
#.....#.# #####
#.....#.#
######...#####.#...#.#
....#..÷.'.....#.#.#.#
###.#....####..#.#.#.#


You could see an ogre.

Vanquished Creatures
  A dart slug (D:1)
  A ball python (D:1)
  5 bats
  6 giant cockroaches
  6 goblins
  6 hobgoblins
  4 frilled lizards
  4 kobolds
  3 rats
36 creatures vanquished.

Notes
Turn   | Place    | Note
-------+----------+-------------------------------------------
     0 | D:1      | MrTaco21 the Gargoyle Fighter began the quest for the Orb.
     0 | D:1      | Reached XP level 1. HP: 14/14 MP: 1/1
   132 | D:1      | Reached XP level 2. HP: 17/19 MP: 2/2
   156 | D:1      | Found a glowing golden altar of the Shining One.
   667 | D:2      | Reached XP level 3. HP: 22/23 MP: 3/3
   853 | D:2      | Found a shimmering altar of Xom.
   853 | D:2      | Found a shimmering altar of Xom.
   855 | D:2      | Found a shimmering altar of Xom.
   900 | D:2      | Found an ornate altar of the Wu Jian Council.
  1113 | D:2      | Noticed an ogre
  1115 | D:2      | Slain by an ogre

Levels and vault maps discovered:
D:1:      nzn_arrival_depleted_hourglass, layout_basic, chequers_jeans,
          tso_altar
D:2:      layout_basic, xom_redecorated, nicolae_overflow_crystal_walls

Skill      XL: |  1  2 |
---------------+-------+-----
Maces & Flails | 3 |  3.8
Fighting       | |  3.2
Armour         | |  3.2
Shields        | |  3.2

Action                   || total
-------------------------++-------
Melee: Flail             ||   106
       Whip              ||    30
  Eat: Chunk             ||     1
Armor: Scale mail        ||    82
Dodge: Dodged            ||    59
Block: Kite shield       ||    82

Table legend:
 A = Non-vault XP
 B = Vault XP
 C = Vault XP percentage of total XP
 D = Non-vault monster count
 E = Vault monster count
 F = Vault count percentage of total count
                 A         B        C        D         E       F
            +---------+---------+-------+---------+---------+-------
      Total |      59 |       0 |   0.0 |      36 |       0 |   0.0
            +---------+---------+-------+---------+---------+-------
        D:1 |      32 |       0 |   0.0 |      20 |       0 |   0.0
        D:2 |      27 |       0 |   0.0 |      16 |       0 |   0.0
            +---------+---------+-------+---------+---------+-------
